 Dungeon Sprint DCSS version 0.31-a0-486-g8d68a81214 (webtiles) character file.

Game seed: 12405057410956019993

25596 Midn8 the Wrestler (level 12, -37/133 HPs)
             Began as a Minotaur Gladiator on Aug 8, 2023.
             Was the Champion of Wu Jian.
             Killed by an exploding ball lightning (42 damage)
             ... in the Dungeon (Sprint I: "Red Sonja").
             The game lasted 00:25:54 (4682 turns).

Midn8 the Wrestler (Minotaur Gladiator)             Turns: 4682, Time: 00:25:54

Health: -37/133    AC: 27    Str: 25    XL:     12   Next: 90%
Magic:  0/11       EV: 17    Int:  5    God:    Wu Jian [******]
Gold:   3136       SH: 27    Dex: 20    Spells: 11/11 levels left

rFire   + .          .
                       - Unarmed
rCold   + . .        w - +0 tower shield
rNeg    . . .        B - +0 gold dragon scales
rPois   +            b - +2 hat
rElec   .            (no cloak)
rCorr   .            t - +2 pair of gloves {hurl}
SInv    .            v - +0 pair of boots
Will    .....        G - amulet of reflection Stlth
                     I - ring of Melee {Will- Str+3 Dex+6 Slay+2}
HPRegen 0.42/turn    F - ring of flight
MPRegen 0.12/turn

%: no teleportation, reflection
@: exhausted, in a heavenly storm, flying, glowing
A: horns 2, retaliatory headbutt
a: Renounce Religion, Wall Jump, Serpent's Lash, Heavenly Storm


You were in the Dungeon.
You worshipped Wu Jian.
Wu Jian was exalted by your worship.
You visited 1 branch You collected 5775 gold pieces.
You spent 2639 gold pieces at shops.

Inventory:

Hand Weapons
 u - the +12 arbalest "Xymid" {drain, rF+}
   (You found it in the Dungeon)

   rF:        It protects you from fire.
Missiles
 c - 3 throwing nets (quivered)
 d - a javelin
 p - 4 curare-tipped darts
Armour
 a - a +0 leather armour
 b - a +2 hat (worn)
 l - a +2 chain mail of fire resistance
 t - a +2 pair of gloves of hurling (worn)
 v - a +0 pair of boots (worn)
 w - a +0 tower shield (worn)
 A - a +4 plate armour of willpower
 B - +0 gold dragon scales (worn)
Jewellery
 y - a ring of poison resistance
 D - an amulet of regeneration
 F - a ring of flight (right hand)
 G - an amulet of reflection (around neck)
 H - a ring of willpower
 I - the ring of Melee (left hand) {Will- Str+3 Dex+6 Slay+2}
   (You found it in the Dungeon)

   [ring of dexterity]

   Str:       It affects your strength (+3).
   Dex:       It affects your dexterity (+6).
   Slay:      It affects your accuracy & damage with ranged weapons and melee
   (+2).
   Will:      It decreases your willpower.
 J - a ring of see invisible
Wands
 i - a wand of iceblast (12)
 m - a wand of paralysis (7)
 n - a wand of mindburst (13)
Scrolls
 j - 2 scrolls of blinking
 k - 2 scrolls of fear
 r - a scroll of poison
 s - a scroll of silence {unknown}
Potions
 e - 2 potions of curing
 f - a potion of heal wounds
 g - 2 potions of haste
 h - 2 potions of magic
 o - a potion of enlightenment {unknown}
 q - a potion of brilliance
 x - a potion of attraction {unknown}
 z - a potion of lignification
 E - a potion of might
Miscellaneous
 C - a condenser vane


   Skills:
 - Level 20.0 Fighting
 - Level 2.0 Throwing
 - Level 15.0 Armour
 - Level 6.0 Dodging
 - Level 17.8 Shields
 + Level 23.0 Unarmed Combat
 - Level 6.0 Evocations


You had 11 spell levels left.
You didn't know any spells.
Your spell library contained the following spells:

 Spells                   Type           Power      Damage    Failure   Level
 Sandblast                Erth           0%         2d4       100%        1
 Passwall                 Tmut/Erth      0%         N/A       100%        2
 Scorch                   Fire           0%         2d5       100%        2
 Frozen Ramparts          Ice            0%         1d1       100%        3
 Stone Arrow              Conj/Erth      0%         3d7       100%        3
 Anguish                  Hex/Necr       0%         N/A       100%        4
 Cause Fear               Hex            0%         N/A       100%        4
 Flame Wave               Conj/Fire      0%         2d4       100%        4
 Petrify                  Tmut/Erth      0%         N/A       100%        4
 Metabolic Englaciation   Hex/Ice        0%         N/A       100%        5
 Summon Cactus Giant      Summ           0%         N/A       100%        6
 Enfeeble                 Hex            0%         N/A       100%        7


Dungeon Overview and Level Annotations

Branches:
Dungeon (1/1)

Altars:
Cheibriados
Dithmenos
Elyvilon
Fedhas
Gozag
Hepliaklqana
Kikubaaqudgha
Makhleb
Nemelex Xobeh
Okawaru
Qazlal
Ru
Sif Muna
Trog
Uskayaw
Vehumet
Wu Jian
Xom
Yredelemnul
Zin
The Shining One
Jiyva
Lugonu

Shops:
D ?*?*[[([[(=(=:*[=!

Annotations:
D 1 exclusion, Lom Lobon


Innate Abilities, Weirdness & Mutations

You have a pair of horns on your head.
You reflexively headbutt those who attack you in melee.


Message History

You are encased in ice.
You spin and attack Lom Lobon repeatedly.
You barely miss Lom Lobon.
Lom Lobon is lightly wounded.
You squash Lom Lobon like an ant!!!
You headbutt Lom Lobon.
Lom Lobon is moderately wounded.
Lom Lobon gestures.
A freezing vortex appears around Lom Lobon!
You spin and attack Lom Lobon repeatedly.
You punch Lom Lobon! You headbutt Lom Lobon!
Lom Lobon is moderately wounded.
You punch Lom Lobon! Your headbutt misses Lom Lobon.
Lom Lobon is moderately wounded.
You pummel Lom Lobon!!
Lom Lobon is heavily wounded.
The ice encasing you melts away.
Lom Lobon gestures. 2 ball lightnings come into view.
You spin and attack the ball lightning.
You pummel the ball lightning like a punching bag!!!
You spin and attack Lom Lobon.
You hit Lom Lobon but do no damage.
Lom Lobon is heavily wounded.
The ball lightning explodes!
The blast of lightning engulfs you!!!
* * * LOW HITPOINT WARNING * * *
The blast of lightning engulfs Lom Lobon.
Lom Lobon completely resists.
The blast of lightning engulfs the ball lightning.
The ball lightning completely resists.
* * * LOW HITPOINT WARNING * * *
Lom Lobon hits you.
* * * LOW HITPOINT WARNING * * *
You feel your power leaking away.
A ball lightning comes into view.
Unknown command.
You feel much better.
* * * LOW HITPOINT WARNING * * *
The ball lightning explodes!
The blast of lightning engulfs you!!!
You die...

...#...###§§###$#..≈###+##...#...
°..'.....##.#A#$#).≈.[#§####'#...
.°°#.....#..###$#..≈.##+#§...##..
○○.###++##.##..$#..≈##§§.§§...##.
°°###..###..#+###☼☼○#.§§.§§§§§.#○
..####..###...#§§§☼##..§...§§§.##
#'#..#..#.###.#☼☼☼§#..§.........#
#.#.........#.###&§#...§..§.....#
###°........#)#§@☼§##..........##
..'......####'#.##☼##...§......#.
####...###..))#.#~~~##........##.
.(.#####...####^#~~~~##..(.[§##..
.........###,,^.#~~~~~########.°○
(....#####,,,°####~~~~#~~~~~#°○○○
....##,,,,,,○○#..#'~~~'~~.~~'.☼..
...##^,,,,,°○,#...##~~#~~~~~#~~○.
...#,^^,,,&○°,#....######'#####○~


You could see Lom Lobon (vortex).

Vanquished Creatures
  the Lernaean hydra (D)
  A golden dragon (D)
  A deep elf master archer (D)
  A shadow dragon (D)
  4 fire giants (D)
  A deep elf annihilator (D)
  A lorocyproca (D)
  A mummy priest (D)
  A hydra (D)
  2 centaur warriors (D)
  4 demonic crawlers (D)
  Sonja (D)
  A deep troll (D)
  2 oklob plants (D)
  A lindwurm (D)
  2 merfolk sirens (D)
  2 gargoyles (D)
  7 unseen horrors (D)
  2 kobold demonologists (D)
  4 hornets (D)
  A slime creature (D)
  Sigmund (D)
  A yak (D)
  2 redbacks (D)
  13 hogs (D)
  3 floating eyes (D)
  An ogre (D)
  7 necrophages (D)
  Ijyb (D)
  8 jellies (D)
  A ball lightning (D)
79 creatures vanquished.

Vanquished Creatures (others)
  A hellwing (D)
  A hornet (D)
  2 ball lightnings (D)
  2 ballistomycete spores (D)
6 creatures vanquished.

Grand Total: 85 creatures vanquished

Notes
Turn   | Place    | Note
-------+----------+-------------------------------------------
     0 | D        | Midn8 the Minotaur Gladiator began the quest for the Orb.
     0 | D        | Reached XP level 1. HP: 18/18 MP: 0/0
     2 | D        | Noticed Ijyb
    10 | D        | Killed Ijyb
    11 | D        | Reached skill level 7 in Unarmed Combat
    11 | D        | Reached XP level 2. HP: 4/25 MP: 1/1
    11 | D        | Reached XP level 3. HP: 5/30 MP: 2/2
   108 | D        | Noticed an ogre
   118 | D        | Killed an ogre
   119 | D        | Reached skill level 8 in Unarmed Combat
   119 | D        | Reached skill level 10 in Unarmed Combat
   119 | D        | Reached XP level 4. HP: 20/40 MP: 3/3
   205 | D        | Noticed Sigmund
   213 | D        | Killed Sigmund
   214 | D        | Reached skill level 12 in Unarmed Combat
   214 | D        | Reached XP level 5. HP: 37/53 MP: 4/4
   214 | D        | Reached XP level 6. HP: 43/61 MP: 5/5
   285 | D        | Found a shimmering blue altar of Sif Muna.
   286 | D        | Found an ornate altar of the Wu Jian Council.
   287 | D        | Found a radiant altar of Vehumet.
   292 | D        | Reached skill level 5 in Dodging
   347 | D        | Became a worshipper of the Wu Jian Council
   365 | D        | Found Ekoedec's Assorted Antiques.
   365 | D        | Found an ancient bone altar of Kikubaaqudgha.
   365 | D        | Found a hazy altar of Hepliaklqana.
   365 | D        | Found a stormy altar of Qazlal.
   365 | D        | Found a hide-covered altar of Uskayaw.
   365 | D        | Found a blossoming altar of Fedhas.
   365 | D        | Found a bloodstained altar of Trog.
   365 | D        | Found an iron altar of Okawaru.
   365 | D        | Found a basalt altar of Yredelemnul.
   365 | D        | Found a glowing golden altar of the Shining One.
   365 | D        | Found a snail-covered altar of Cheibriados.
   365 | D        | Found a sacrificial altar of Ru.
   365 | D        | Found a glowing silver altar of Zin.
   365 | D        | Found a shadowy altar of Dithmenos.
   365 | D        | Found a white marble altar of Elyvilon.
   365 | D        | Noticed a yak
   366 | D        | Found an opulent altar of Gozag.
   366 | D        | Killed a yak
   367 | D        | Reached skill level 13 in Unarmed Combat
   367 | D        | Found a sparkling altar of Nemelex Xobeh.
   371 | D        | Bought a runed chain mail for 225 gold pieces
   596 | D        | Noticed Sonja
   599 | D        | Killed Sonja
   600 | D        | Reached skill level 15 in Unarmed Combat
   600 | D        | Reached XP level 7. HP: 77/77 MP: 6/6
   616 | D        | Found Cyne's Magic Scroll Boutique.
   737 | D        | Bought a scroll of enchant armour for 82 gold pieces
   737 | D        | Bought a scroll of identify for 22 gold pieces
   758 | D        | Bought a bubbling inky potion for 27 gold pieces
   770 | D        | Found a burning altar of Makhleb.
   770 | D        | Found a viscous altar of Jiyva.
   770 | D        | Found a shimmering altar of Xom.
   770 | D        | Found a corrupted altar of Lugonu.
   770 | D        | Noticed a slime creature
   772 | D        | Killed a slime creature
   772 | D        | Reached * piety under Wu Jian
   773 | D        | Reached XP level 8. HP: 83/83 MP: 7/7
   798 | D        | Noticed a deep troll
   801 | D        | Killed a deep troll
   802 | D        | Reached skill level 17 in Unarmed Combat
   827 | D        | Found Zuehut's Armour Emporium.
   834 | D        | Bought a +2 pair of gloves of hurling for 301 gold pieces
   849 | D        | Noticed a centaur warrior
   849 | D        | Noticed a centaur warrior
   857 | D        | Killed a centaur warrior
   858 | D        | Reached skill level 18 in Unarmed Combat
   858 | D        | Reached XP level 9. HP: 75/90 MP: 8/8
   860 | D        | Killed a centaur warrior
   860 | D        | Reached ** piety under Wu Jian
   861 | D        | Reached skill level 19 in Unarmed Combat
  1074 | D        | Noticed an oklob plant
  1077 | D        | Killed an oklob plant
  1078 | D        | Reached skill level 20 in Unarmed Combat
  1122 | D        | Reached *** piety under Wu Jian
  1146 | D        | Killed an unseen horror
  1147 | D        | Reached XP level 10. HP: 104/104 MP: 9/9
  1155 | D        | Reached skill level 15 in Fighting
  1159 | D        | Reached **** piety under Wu Jian
  1177 | D        | Reached ***** piety under Wu Jian
  1278 | D        | Reached skill level 5 in Evocations
  1312 | D        | Identified the +7 quarterstaff "Goblinslayer" {spect, Drain
                  | Will+ Str+4 SInv}
  1313 | D        | Identified the +12 arbalest "Xymid" {drain, rF+}
  1318 | D        | Found Ekigehics's General Store.
  1318 | D        | Found Foucikk's Magic Scroll Shop.
  1318 | D        | Found Cehosuck's Armour Boutique.
  1320 | D        | Found Qacsase's Armour Emporium.
  1320 | D        | Found Ficadd's Antique Weapon Shop.
  1320 | D        | Found Apaesaj's Armour Shoppe.
  1320 | D        | Found Zoelegif's Antique Armour Boutique.
  1320 | D        | Found Ycehaat's Weapon Emporium.
  1320 | D        | Found Fotz's Jewellery Shop.
  1320 | D        | Found Muitzez's Antique Weapon Shoppe.
  1324 | D        | Found Ipty's Jewellery Boutique.
  1325 | D        | Found Zotwurph's Assorted Antiques.
  1325 | D        | Found Miul's Book Boutique.
  1326 | D        | Found Wena's Jewellery Emporium.
  1338 | D        | Bought a pair of boots for 130 gold pieces
  1353 | D        | Bought a scroll of revelation for 82 gold pieces
  1364 | D        | Noticed a fire giant
  1364 | D        | Noticed a fire giant
  1364 | D        | Noticed a fire giant
  1372 | D        | Bought a tower shield for 130 gold pieces
  1413 | D        | Reached ****** piety under Wu Jian
  1414 | D        | Reached skill level 1 in Shields
  1426 | D        | Noticed a demonic crawler
  1426 | D        | Noticed a demonic crawler
  1426 | D        | Noticed a demonic crawler
  1426 | D        | Noticed a demonic crawler
  1427 | D        | Killed a demonic crawler
  1428 | D        | Killed a demonic crawler
  1429 | D        | Reached skill level 10 in Shields
  1433 | D        | Killed a demonic crawler
  1438 | D        | Killed a demonic crawler
  1439 | D        | Reached XP level 11. HP: 23/112 MP: 10/10
  1728 | D        | Noticed a lindwurm
  1733 | D        | Killed a lindwurm
  1768 | D        | Reached skill level 15 in Shields
  1795 | D        | Reached skill level 21 in Unarmed Combat
  1844 | D        | Noticed a 12-headed hydra
  1846 | D        | Killed a 12-headed hydra
  2021 | D        | Reached skill level 22 in Unarmed Combat
  2033 | D        | Noticed a deep elf annihilator
  2036 | D        | Killed a deep elf annihilator
  2087 | D        | Noticed a mummy priest
  2092 | D        | Paralysed by a hornet for 3 turns
  2396 | D        | Bought a ring of poison resistance for 280 gold pieces
  2471 | D        | Killed a lorocyproca
  2852 | D        | Bought a +4 plate armour of willpower for 650 gold pieces
  2964 | D        | Noticed a shadow dragon
  2964 | D        | Noticed a golden dragon
  3078 | D        | Killed a shadow dragon
  3079 | D        | Killed a golden dragon
  3080 | D        | Reached XP level 12. HP: 105/127 MP: 11/11
  3192 | D        | Found Ripivusk's Distillery.
  3211 | D        | Bought a potion of might for 40 gold pieces
  3211 | D        | Bought a potion of haste for 100 gold pieces
  3325 | D        | Bought a ring of flight for 210 gold pieces
  3326 | D        | Bought an amulet of reflection for 360 gold pieces
  3520 | D        | Killed a mummy priest
  3521 | D        | Reached skill level 10 in Armour
  3702 | D        | Noticed the 27-headed Lernaean hydra
  3710 | D        | Killed the 27-headed Lernaean hydra
  3944 | D        | Identified the +4 scale mail of Ejaras {-Tele rN+ rCorr
                  | SInv}
  3944 | D        | Noticed a deep elf master archer
  4008 | D        | Identified the staff of Outrage {rElec Conj}
  4096 | D        | Killed a deep elf master archer
  4097 | D        | Reached skill level 15 in Armour
  4148 | D        | Noticed a daeva
  4267 | D        | Identified the ring of Melee {Will- Str+3 Dex+6 Slay+2}
  4424 | D        | Noticed a fire giant
  4436 | D        | Killed a fire giant
  4495 | D        | Killed a fire giant
  4500 | D        | Killed a fire giant
  4512 | D        | Killed a fire giant
  4513 | D        | Reached skill level 23 in Unarmed Combat
  4665 | D        | Noticed Lom Lobon
  4681 | D        | HP: 5/133 [Lom Lobon (5)]
  4682 | D        | Killed by an exploding ball lightning

Illustrated notes

Levels and vault maps discovered:
D:        dungeon_sprint_1 [red_sonja_temple_1, red_sonja_temple_small_1]

Skill      XL: |  1  2  3  4  5  6  7  8  9 10 11 12 |
---------------+-------------------------------------+-----
Unarmed Combat | 7 10 12 15 18 20 22 23 | 23.0
Fighting       | 4 8 12 14 15 18 20 | 20.0
Dodging        | 6 |  6.0
Armour         | 8 15 | 15.0
Evocations     | 6 |  6.0
Shields        | 13 17 | 17.8
Throwing       | |  2.0

Action                     |  1- 3 |  4- 6 |  7- 9 | 10-12 || total
---------------------------+-------+-------+-------+-------++-------
  Melee: Unarmed           |    14 |     9 |    27 |   232 ||   282
         Headbutt          |     4 |     5 |     6 |    57 ||    72
         Punch             |       |       |     3 |     7 ||    10
  Throw: Throwing net      |     1 |       |       |       ||     1
 Invoke: Serpent's Lash    |       |       |       |     8 ||     8
         Heavenly Storm    |       |       |       |     2 ||     2
Ability: Lunge             |       |     2 |     3 |     9 ||    14
         Whirlwind         |       |       |       |    34 ||    34
         Wall Jump         |       |       |       |     1 ||     1
  Evoke: Wand              |       |     1 |       |     1 ||     2
    Use: Potion            |     1 |       |     1 |     2 ||     4
         Scroll            |       |       |     4 |     3 ||     7
   Stab: Held in net/web   |     2 |       |       |       ||     2
         Paralysed         |       |     2 |       |       ||     2
         Sleeping          |       |     1 |       |       ||     1
 Armour: Leather armour    |     1 |       |       |       ||     1
         Chain mail        |       |       |    15 |    51 ||    66
         Skin              |       |       |    17 |       ||    17
         Plate armour      |       |       |       |    10 ||    10
         Gold dragon scale |       |       |       |    61 ||    61
  Dodge: Dodged            |     3 |     2 |     6 |    46 ||    57
  Block: Tower shield      |       |       |       |   104 ||   104
         Reflection        |       |       |       |     2 ||     2

Table legend: (Time is in decaauts)
 A = Elapsed time spent in this place.
 B = Non-inter-level travel time spent in this place.
 C = Inter-level travel time spent in this place.
 D = Time resting spent in this place.
 E = Time spent auto-exploring this place.
 F = Levels seen in this place.
 G = Mean time per level.
                   A        B        C        D        E       F      G
               +--------+--------+--------+--------+--------+-----+--------+
         Total |   4648 |   4371 |    277 |   2638 |      0 |   1 | 4648.0 |
       Dungeon |   4648 |   4371 |    277 |   2638 |      0 |   1 | 4648.0 |
               +--------+--------+--------+--------+--------+-----+--------+

Top non-repeatable levels by time:
       D: 4648 daAuts
